 Dungeon Crawl Stone Soup version 0.29-a0-275-g389c0b56f3 (webtiles) character file.

Game seed: 17464387259256000667

25024 frimble the Fighter (level 13, -9/99 HPs)
             Began as a Djinni Cinder Acolyte on Mar 10, 2022.
             Was a Priest of Ignis.
             Mangled by a bog body (25 damage)
             ... on level 2 of the Lair of Beasts.
             The game lasted 00:29:21 (19405 turns).

frimble the Fighter (Djinni Cinder Acolyte)        Turns: 19405, Time: 00:29:22

Health: -9/99      AC: 24    Str: 13    XL:     13   Next: 47%
Gold:   1801       EV: 13    Int: 25    God:    Ignis [***...] SH:  0 Dex: 11

rFire   + + +      SeeInvis .   D - +6 dagger (drain)
rCold   x . .      Faith    .   (no shield)
rNeg    . . .      Spirit   .   C - +2 troll leather armour
rPois   ∞          Reflect  .   i - +1 helmet
rElec   .          Harm     .   (no cloak)
rCorr   .          Rampage  .   g - +0 pair of gloves
Will    +....                   (boots unavailable)
Stlth   +++.......              m - amulet of the acrobat
HPRegen 1.06/turn               k - +6 ring of intelligence
MPRegen 0.00/turn               d - ring of the Tortoise {AC+8}

@: ice-armoured, flying, slowed, very slow
A: sickness immunity, fire resistance 2, cold vulnerability 1, float, innate
caster, HP casting, extra vitality 1
a: Renounce Religion, Fiery Armour, Foxfire Swarm


You were on level 2 of the Lair of Beasts.
You worshipped Ignis.
Ignis was most pleased with you.
You visited 2 branches of the dungeon, and saw 13 of its levels.
You also visited: Sewer, Bailey and Volcano.

You collected 2041 gold pieces.
You spent 240 gold pieces at shops.

Inventory:

Hand Weapons
 a - a +0 short sword of flaming
 D - a +6 dagger of draining (weapon)
Missiles
 A - 3 throwing nets
Armour
 g - a +0 pair of gloves (worn)
 i - a +1 helmet (worn)
 o - the +0 ring mail of the Cooper {rC+ Int+4}
   (You found it in a bailey)

   Int:       It affects your intelligence (+4).
   rC:        It protects you from cold.
 C - a +2 troll leather armour (worn)
Jewellery
 d - the ring of the Tortoise (right hand) {AC+8}
   (You found it on level 4 of the Dungeon)

   [ring of protection]

   AC:        It affects your AC (+8).
 j - a ring of see invisible
 k - a +6 ring of intelligence (left hand)
 l - a ring of wizardry
 m - an amulet of the acrobat (around neck)
 z - a +4 ring of slaying
Wands
 w - a wand of paralysis (9)
 y - a wand of flame (32)
 E - a wand of charming (12)
Scrolls
 b - 4 scrolls of magic mapping
 n - a scroll of enchant weapon
 q - 3 scrolls of teleportation
 s - 3 scrolls of blinking
 v - 2 scrolls of fog
 B - 3 scrolls of fear
 F - 2 scrolls of identify
Potions
 c - 9 potions of ambrosia
 e - 4 potions of mutation
 f - a potion of resistance
 h - 5 potions of curing
 p - 2 potions of cancellation {unknown}
 r - a potion of haste {unknown}
 t - 3 potions of flight {unknown}
 u - 2 potions of lignification
 x - 3 potions of attraction


   Skills:
 + Level 11.5 Fighting
 - Level 10.0 Short Blades
 + Level 6.0 Dodging
 + Level 7.5 Stealth
 + Level 9.0 Spellcasting
 - Level 6.0 Evocations


You had 11 spell levels left.
You knew the following spells:

 Your Spells              Type           Power      Damage    Failure   Level
a - Scorch                Fire           100%       2d10      1%          2
b - Slow                  Hex            100%       N/A       1%          1
c - Ensorcelled Hibernat  Hex/Ice        100%       N/A       1%          2
d - Passwall              Tmut/Erth      45%        N/A       1%          2
e - Ozocubu's Armour      Ice            54%        N/A       1%          3
f - Sticky Flame          Conj/Fire      54%        2d7       1%          4
g - Summon Mana Viper     Hex/Summ       54%        N/A       4%          5
Your spell library was empty.

Dungeon Overview and Level Annotations

Branches:
Dungeon (11/15)            Temple (0/1) D:6            Lair (2/6) D:9
  Swamp (0/4) Lair:2          Orc (0/2) D:9           Sewer (visited)
 Bailey (visited)         Volcano (visited)
  Snake: Lair:2-4    Spider: Lair:2-4

Altars:
Gozag
Kikubaaqudgha
Nemelex Xobeh
Sif Muna
Vehumet
Zin

Shops:
D:7 ?

Annotations:
D:11 Erica, Psyche


Innate Abilities, Weirdness & Mutations

You are immune to sickness and miasma.
You are immune to poison.
Your flesh is very heat resistant. (rF++)
You are vulnerable to cold. (rC-)
You float through the air rather than walking.
You learn spells naturally, not from books.
Your magical power is your life essence.
You have superior vitality. (+4 MHP)


Message History

Confirm with . or Enter, or press ? or * to list all spells.
Aiming: Sticky Flame (mildly dangerous; 1% risk of failure)
Press: ? - help, Shift-Dir - straight line, f - bog body
Aim: a bog body (100% to hit)
The sticky flame hits the bog body.
The bog body resists.
The bog body is lightly damaged.
The bog body is covered in liquid flames!
The bog body burns! x2; The bog body closely misses you.
Casting: Sticky Flame (mildly dangerous; 1% risk of failure)
Confirm with . or Enter, or press ? or * to list all spells.
A film of ice covers your body!
The bog body burns!
The bog body barely misses you.
The bog body touches you but does no damage.
You puncture the bog body!
The bog body is heavily damaged.
The bog body burns!
The bog body stops burning.
The bog body casts a spell at you.
The bolt of cold hits you but does no damage.
You puncture the bog body!
The bog body is severely damaged.
You barely miss the bog body.
The bog body is severely damaged.
The bog body casts a spell at you. You resist with some effort.
You hit the bog body.
The bog body is almost destroyed.
The bog body touches you. The bog body freezes you!!!
You feel a terrible chill!
* * * LOW HITPOINT WARNING * * *
You hit the bog body.
The bog body is almost destroyed.
The bog body touches you but does no damage.
Casting: Ozocubu's Armour (safe; 1% risk of failure)
Confirm with . or Enter, or press ? or * to list all spells.
Your icy armour thickens.
* * * LOW HITPOINT WARNING * * *
The bog body touches you!
* * * LOW HITPOINT WARNING * * *
The bog body freezes you!!
You feel a terrible chill!
You die...

*........P##..#####......##
##......###....###........#
*,,,...P* #.....###........
**,,...**##...#............
***,,** #...###††.P.......
**** ##...# #.#.........
#...## ####........ ##..##
*##....... #..@# #..#......
##.n## ####...... ###....##
####... #.......#### #P..#
##......:.P# ##..##
#.........## ##.P.#
*#..........# ##.P..#
#...........#*###.....#
**#.......n....##......†##


You could see a bog body.

Vanquished Creatures
  Harold (Lair:2)
  2 two-headed ogres
  Nergalle (D:10)
  A deep elf archer (Volcano)
  5 deep elf pyromancers (Volcano)
  An orc sorcerer (Bailey)
  An ugly thing (D:8)
  4 elephants (Lair:2)
  A black mamba (Lair:1)
  4 cane toads (Lair:1)
  A rime drake (Lair:2)
  A kobold demonologist (Bailey)
  Maggie (D:8)
  4 komodo dragons
  2 trolls
  2 hornets
  A queen bee (D:10)
  Prince Ribbit (D:5)
  5 blink frogs (Lair:1)
  2 shadows (D:10)
  18 yaks
  2 fire elementals (Volcano)
  3 basilisks (Lair:2)
  4 steam dragons
  3 wargs (D:9)
  3 hell hounds (Volcano)
  A water moccasin (Lair:1)
  3 black bears
  12 orc warriors
  3 sky beasts
  An ice beast (D:8)
  5 ogres
  2 centaurs
  3 wolves (D:9)
  5 phantoms
  5 kobold brigands
  2 gnoll sergeants
  6 bullfrogs
  2 necrophages (D:6)
  4 scorpions
  28 killer bees (D:10)
  6 howler monkeys
  8 electric eels
  6 hounds
  7 orc priests
  A jelly (D:4)
  2 gnoll shamans
  4 iguanas
  8 orc wizards
  Robin (D:3)
  22 gnolls
  12 adders
  5 river rats
  2 white imps
  A worm (D:2)
  2 dart slugs
  38 orcs
  9 ball pythons
  5 bats
  4 endoplasms
  7 giant cockroaches
  26 goblins
  8 hobgoblins
  4 jackals
  A quokka (D:1)
  3 frilled lizards
  12 kobolds
  5 rats
365 creatures vanquished.

Vanquished Creatures (collateral kills)
  A deep elf pyromancer (Volcano)
  A fire elemental (Volcano)
  A hell hound (Volcano)
3 creatures vanquished.

Vanquished Creatures (others)
  45 foxfires
  20 plants
65 creatures vanquished.

Grand Total: 433 creatures vanquished

Notes
Turn   | Place    | Note
-------+----------+-------------------------------------------
     0 | D:1      | frimble the Djinni Cinder Acolyte began the quest for the
                  | Orb.
     0 | D:1      | Reached XP level 1. HP: 20/20 MP: 0/0
   304 | D:1      | Reached XP level 2. HP: 18/25 MP: 0/0
  1832 | D:2      | Reached XP level 3. HP: 24/30 MP: 0/0
  1832 | D:2      | Learned a level 1 spell: Slow
  2107 | D:2      | Identified the +2 ring mail "Qeocau" {Harm Fly Regen+
                  | Dex-3}
  2145 | D:2      | Identified the +4 hunting sling "Giarylih" {venom, rC-
                  | Int+5}
  2365 | D:2      | Found a faded altar of an unknown god.
  2828 | D:3      | Reached XP level 4. HP: 22/36 MP: 0/0
  3616 | D:3      | Noticed Robin
  3918 | D:3      | Killed Robin
  3919 | D:3      | Reached XP level 5. HP: 26/41 MP: 0/0
  3919 | D:3      | Learned a level 2 spell: Ensorcelled Hibernation
  3928 | D:3      | Reached skill level 4 in Fighting
  4473 | D:4      | Noticed an ogre
  4482 | D:3      | Reached XP level 6. HP: 15/47 MP: 0/0
  5158 | D:4      | Killed an ogre
  5159 | D:4      | Reached skill level 1 in Stealth
  5472 | D:4      | Found the ring of the Tortoise {AC+8}
  6313 | D:5      | Entered Level 5 of the Dungeon
  6313 | D:5      | Noticed Prince Ribbit
  6318 | D:5      | Killed Prince Ribbit
  6319 | D:5      | Reached skill level 5 in Fighting
  6319 | D:5      | Reached XP level 7. HP: 37/54 MP: 0/0
  6319 | D:5      | Learned a level 2 spell: Passwall
  6765 | D:5      | Reached skill level 1 in Dodging
  6765 | D:5      | Reached XP level 8. HP: 53/59 MP: 0/0
  6900 | D:5      | Reached skill level 5 in Short Blades
  7605 | D:5      | You are sucked into a shaft and drop 1 floor!
  7616 | D:6      | Reached skill level 6 in Fighting
  7616 | D:6      | Reached XP level 9. HP: 62/66 MP: 0/0
  7616 | D:6      | Learned a level 3 spell: Ozocubu's Armour
  7806 | D:6      | Reached skill level 5 in Spellcasting
  7812 | D:6      | Found a glowing drain.
  7863 | Sewer    | Entered a sewer
  8789 | D:6      | Found a staircase to the Ecumenical Temple.
  8891 | D:6      | Noticed a hornet
  8909 | D:6      | Killed a hornet
  8910 | D:6      | Reached skill level 7 in Fighting
  9519 | D:7      | Reached XP level 10. HP: 64/75 MP: 0/0
  9630 | D:7      | Found Osekk's Magic Scroll Shop.
  9635 | D:7      | Bought a scroll of teleportation for 36 gold pieces
  9635 | D:7      | Bought a scroll of blinking for 90 gold pieces
  9635 | D:7      | Bought a scroll of summoning for 114 gold pieces
  9748 | D:7      | Found a flagged portal.
  9767 | Bailey   | Entered a bailey
 10031 | Bailey   | Reached skill level 1 in Evocations
 10639 | Bailey   | Found an iron altar of Okawaru.
 10639 | Bailey   | Noticed an orc sorcerer
 10639 | Bailey   | Noticed a kobold demonologist
 10672 | Bailey   | Reached skill level 8 in Fighting
 10963 | Bailey   | Killed a kobold demonologist
 10964 | Bailey   | Reached skill level 5 in Stealth
 10966 | Bailey   | Killed an orc sorcerer
 11180 | Bailey   | Acquired 1166 gold pieces
 11230 | Bailey   | Identified the +0 ring mail of the Cooper {rC+ Int+4}
 11239 | Bailey   | Got the Almanac of Bewitchment and Weightlessness
 11268 | Bailey   | Identified the +8 great sword of the Genius {venom, rPois
                  | Str+7 Int-5 Stlth+}
 11901 | D:7      | Found a sparkling altar of Nemelex Xobeh.
 12561 | D:5      | Reached XP level 11. HP: 78/82 MP: 0/0
 12561 | D:5      | Learned a level 4 spell: Sticky Flame
 13232 | D:8      | Noticed a green ugly thing
 13247 | D:8      | Killed a green ugly thing
 13312 | D:8      | Noticed a two-headed ogre
 13318 | D:8      | Killed a two-headed ogre
 13319 | D:8      | Reached skill level 9 in Fighting
 13319 | D:8      | Noticed Maggie
 13345 | D:8      | Killed Maggie
 14160 | D:9      | Found a glowing silver altar of Zin.
 14651 | D:9      | Found a staircase to the Orcish Mines.
 15024 | D:9      | Found a staircase to the Lair.
 15032 | D:9      | Reached skill level 5 in Evocations
 16155 | D:10     | Entered Level 10 of the Dungeon
 16206 | D:10     | Noticed Nergalle
 16278 | D:10     | Killed Nergalle
 16410 | D:10     | Reached XP level 12. HP: 60/91 MP: 0/0
 16704 | D:10     | Noticed a two-headed ogre
 16712 | D:10     | Killed a two-headed ogre
 16713 | D:10     | Reached skill level 10 in Fighting
 16926 | D:10     | Found an opulent altar of Gozag.
 17367 | D:11     | Noticed Psyche
 17392 | D:11     | Noticed a boulder beetle
 17393 | D:11     | Noticed Erica
 17434 | Lair:1   | Entered Level 1 of the Lair of Beasts
 18313 | Lair:1   | Identified the +4 ring mail of a bailey {rN+}
 18385 | Lair:2   | Reached XP level 13. HP: 75/98 MP: 0/0
 18385 | Lair:2   | Learned a level 5 spell: Summon Mana Viper
 18436 | Lair:2   | Found a dark tunnel.
 18441 | Volcano  | Entered a volcano
 18484 | Volcano  | Reached skill level 10 in Short Blades
 18509 | Volcano  | Reached skill level 11 in Fighting
 18631 | Volcano  | Reached skill level 5 in Dodging
 18807 | Lair:2   | Noticed Harold
 18815 | Lair:2   | Killed Harold
 19405 | Lair:2   | Mangled by a bog body

Illustrated notes

Levels and vault maps discovered:
D:1:      elethiomel_arrival_shortcut, layout_loops_corners, serial_rivers,
          chequers_serial_rivers_marsh, chequers_serial_rivers_marsh,
          chequers_serial_rivers_room_b, chequers_serial_rivers_marsh,
          chequers_serial_rivers_micro_e, chequers_serial_rivers_small_a
D:2:      layout_loops_ring, shapermc_ecumenical_altar_mp_urbaneastern,
          serial_bayou_ford_a
D:3:      layout_basic, serial_bayou_pond_b, minmay_crystal_room,
          chequers_serial_rivers_micro_c, chequers_decorated_corner,
          minmay_misc_feat_rows, kennysheep_generic_room_11, uniq_robin
D:4:      layout_layer_cave
D:5:      kennysheep_six_static_rooms, layout_loops_ring, uniq_prince_ribbit1
D:6:      layout_loops_ring, temple_hall, portal_sewer_entry_e
D:7:      layout_loops_ring, grunt_temple_overflow_magic_moments,
          nemelex_diamond_rough_becter, serial_shops, shop, enter_bailey_7,
          kennysheep_dice
D:8:      layout_loops_cross, hex_medium, uniq_maggie
D:9:      layout_small_grid, mainiacjoe_overflow_concentric_impassable,
          erik_lair_island, david_orc_1_choice, kennysheep_pointless_box
D:10:     layout_roguey [special_room_bee], nicolae_gozag_seed_capital,
          serial_rivers, chequers_serial_rivers_micro_b,
          chequers_serial_rivers_micro_a, chequers_serial_rivers_micro_d,
          chequers_serial_rivers_large_b, chequers_serial_rivers_room_b,
          uniq_nergalle
D:11:     layout_cross, uniq_psyche, uniq_erica
Lair:1:   layout_regular_city, serial_forest, infiniplex_forest_clump_diagonal,
          infiniplex_forest_end_double, infiniplex_forest_3_way,
          infiniplex_forest_lined_3_way, infiniplex_forest_clump_long,
          lemuel_old_faithful, lemuel_fruit_tree
Lair:2:   layout_cave_pods, nicolae_swamp_entry_splash_gauntlet,
          enter_volcano_4, uniq_harold

Skill      XL: |  1  2  3  4  5  6  7  8  9 10 11 12 13 |
---------------+----------------------------------------+-----
Short Blades   | 3 4 5 6 7 8 9 10 | 10.0
Spellcasting   | 3 4 5 6 7 8 9 |  9.0
Fighting       | 4 5 6 7 8 9 10 11 | 11.5
Stealth        | 2 3 4 5 6 7 |  7.5
Dodging        | 1 2 4 6 |  6.0
Evocations     | 3 5 6 |  6.0

Action                   |  1- 3 |  4- 6 |  7- 9 | 10-12 | 13-15 || total
-------------------------+-------+-------+-------+-------+-------++-------
Melee: Short sword       |   107 |    24 |   132 |   287 |       ||   550
       Punch             |     1 |       |     2 |     9 |     5 ||    17
       Dagger            |       |       |       |   456 |   175 ||   631
 Cast: Scorch            |    15 |    54 |   103 |   182 |       ||   354
       Ensorcelled Hiber |       |     5 |       |       |       ||     5
       Passwall          |       |       |       |    12 |     2 ||    14
       Sticky Flame      |       |       |       |    31 |     9 ||    40
       Ozocubu's Armour  |       |       |       |    19 |     8 ||    27
       Summon Mana Viper |       |       |       |       |     5 ||     5
Invok: Foxfire Swarm     |       |     1 |       |     1 |       ||     2
       Fiery Armour      |       |       |       |     3 |       ||     3
       Rising Flame      |       |       |       |     1 |       ||     1
Evoke: Wand              |       |       |       |    32 |       ||    32
  Use: Scroll            |     5 |     3 |     4 |    12 |       ||    24
       Potion            |       |     1 |     1 |     1 |       ||     3
 Stab: Sleeping          |       |     1 |     2 |     4 |     5 ||    12
       Paralysed         |       |       |       |     2 |       ||     2
Armor: Robe              |    33 |    12 |    47 |    28 |       ||   120
       Skin              |       |       |     7 |       |       ||     7
       Ring mail         |       |       |       |   116 |       ||   116
       Troll leather arm |       |       |       |   201 |    74 ||   275
Dodge: Dodged            |    64 |    26 |    71 |   367 |    78 ||   606

Table legend: (Time is in decaauts)
 A = Elapsed time spent in this place.
 B = Non-inter-level travel time spent in this place.
 C = Inter-level travel time spent in this place.
 D = Time resting spent in this place.
 E = Time spent auto-exploring this place.
 F = Levels seen in this place.
 G = Mean time per level.
                   A        B        C        D        E       F      G
               +--------+--------+--------+--------+--------+-----+--------+
         Total |  18991 |  18412 |    579 |   1187 |  13848 |  16 | 1186.9 |
       Dungeon |  14876 |  14328 |    548 |    595 |  11586 |  11 | 1352.4 |
          Lair |   1565 |   1534 |     31 |      0 |   1145 |   2 |  782.5 |
         Sewer |    766 |    766 |      0 |      0 |    556 |   1 |  766.0 |
        Bailey |   1523 |   1523 |      0 |    592 |    462 |   1 | 1523.0 |
       Volcano |    259 |    259 |      0 |      0 |     99 |   1 |  259.0 |
               +--------+--------+--------+--------+--------+-----+--------+

Top non-repeatable levels by time:
     D:9: 2072 daAuts
     D:3: 1964 daAuts
     D:1: 1795 daAuts
     D:4: 1732 daAuts
  Bailey: 1523 daAuts
     D:5: 1407 daAuts
     D:7: 1382 daAuts
     D:8: 1359 daAuts
     D:6: 1107 daAuts
    D:10: 1065 daAuts
     D:2: 960 daAuts
  Lair:1: 822 daAuts
   Sewer: 766 daAuts
  Lair:2: 743 daAuts
 Volcano: 259 daAuts
